 Dungeon Crawl Stone Soup version 0.21-a0-277-geaec956 (webtiles) character file.

20 MirrMurr the Cutter (level 3, -5/34 HPs)
             Began as a Kobold Berserker on Sept 20, 2017.
             Was a Follower of Trog.
             Slain by an ogre
             ... wielding a +0 giant club
              (28 damage)
             ... on level 2 of the Dungeon.
             The game lasted 00:02:27 (833 turns).

MirrMurr the Cutter (Kobold Berserker)               Turns: 833, Time: 00:02:28

Health: -5/34      AC:  3    Str: 20    XL:     3   Next: 0%
Magic:  3/3        EV: 15    Int:  8    God:    Trog [*.....]
Gold:   71         SH:  0    Dex: 14    Spells: 2/2 levels left

rFire    . . .     SeeInvis .   a - +0 short sword
rCold    . . .     Gourm    .   (shield restricted)
rNeg     . . .     Faith    .   g - +0 leather armour
rPois    .         Spirit   .   (no helmet)
rElec    .         Reflect  .   (no cloak)
rCorr    .         Harm     .   (no gloves)
MR       .....                  (no boots)
Stlth    ..........             (no amulet)
HPRegen  0.11/turn              (no ring)
MPRegen  0.08/turn              (no ring)

@: berserking, very quick
A: carnivore 3
a: Berserk, Burn Spellbooks, Renounce Religion


You were on level 2 of the Dungeon.
You worshipped Trog.
Trog was aware of your devotion.
You were very full.

You visited 1 branch of the dungeon, and saw 2 of its levels.

You collected 71 gold pieces.

Inventory:

Hand Weapons
 a - a +0 short sword (weapon)
Missiles
 f - 27 stones (quivered)
Armour
 g - a +0 leather armour (worn)
Jewellery
 i - a +5 ring of intelligence {unknown}
Scrolls
 b - 3 scrolls of enchant armour {unknown}
 d - a scroll of remove curse {unknown}
 e - 2 scrolls of blinking {unknown}
 k - a scroll of teleportation {unknown}
Potions
 h - a potion of curing {unknown}
Comestibles
 c - a meat ration
 j - a royal jelly
 l - 7 chunks of flesh


   Skills:
 + Level 3.5 Fighting
 * Level 4.5 Short Blades
 - Level 1.5 Armour
 + Level 2.8 Dodging
 + Level 1.1 Stealth


You had 2 spell levels left.
You didn't know any spells.

Dungeon Overview and Level Annotations

Branches:
Dungeon (1/15)

Altars:


Innate Abilities, Weirdness & Mutations

You are small and have problems with some larger weapons.
You are carnivorous and can eat meat at any time.


Message History

You see here a leopard gecko skeleton.
The ogre closely misses you.
You feel yourself speed up.
You recover from your berserk rage.
A red film seems to cover your vision as you go berserk!
You feel yourself moving faster!
You feel mighty! The ogre barely misses you.
You barely miss the ogre. The ogre misses you.
You barely miss the ogre. You hit the ogre.
The ogre is moderately wounded.
The ogre barely misses you.
You puncture the ogre!
The ogre is heavily wounded.
You puncture the ogre!
The ogre is severely wounded.
You barely miss the ogre.
The ogre is severely wounded.
The ogre hits you with a giant club!!
Ouch! That really hurt!
You die...

####### #.....##########
#######.........@O..>#
............########.####
###....................#
#.##.....##.#.###.##.####
####.#########.#.....##.....
.....# #.#.##.........
....รท# #...###.#######
.....# #...# #.# .....#
.....# #.##


You could see an ogre.

Vanquished Creatures
  A leopard gecko (D:2)
  6 bats
  A giant cockroach (D:1)
  3 hobgoblins
  2 kobolds (D:1)
  A ball python (D:2)
  A frilled lizard (D:2)
  2 rats (D:1)
17 creatures vanquished.

Notes
Turn   | Place    | Note
-------+----------+-------------------------------------------
     0 | D:1      | MirrMurr the Kobold Berserker began the quest for the Orb.
     0 | D:1      | Reached XP level 1. HP: 14/14 MP: 1/1
   303 | D:1      | Reached XP level 2. HP: 10/19 MP: 2/2
   511 | D:1      | Reached skill level 1 in Stealth
   712 | D:1      | You fall through a shaft!
   783 | D:2      | Reached XP level 3. HP: 16/23 MP: 3/3
   797 | D:2      | Noticed an ogre
   833 | D:2      | Slain by an ogre

Vault maps used:
D:1:      dpeg_arrival_tiny_a, st_stairs_6, minmay_tiny_reverse_x
D:2:      uniq_jessica, uniq_crazy_yiuf_cottage

Skill      XL: |  1  2 |
---------------+-------+-----
Stealth        | 1 |  1.1
Fighting       | |  3.5
Short Blades   | |  4.5
Armour         | |  1.5
Dodging        | |  2.8

Action                   || total
-------------------------++-------
Melee: Short sword       ||    64
Invok: Berserk           ||     3
 Stab: Sleeping          ||     1
  Eat: Chunk             ||    10
Armor: Leather armour    ||    13
Dodge: Dodged            ||    60

Table legend:
 A = Spawn XP
 B = Non-spawn XP
 C = Spawn XP percentage of total XP
 D = Spawn monster count
 E = Non-spawn monster count
 F = Spawn count percentage of total count
 G = Total turns spent on level
                    A         B        C        D         E        F      G
               +---------+---------+-------+---------+---------+-------+---------
         Total |       0 |      29 |   0.0 |       0 |      17 |   0.0 |   833
               +---------+---------+-------+---------+---------+-------+---------
           D:1 |       0 |      20 |   0.0 |       0 |      12 |   0.0 |   712
           D:2 |       0 |       9 |   0.0 |       0 |       5 |   0.0 |   121
               +---------+---------+-------+---------+---------+-------+---------
